 Dungeon Crawl Stone Soup version 0.31.0-32-g396128a36d (webtiles) character file.

Game seed: 7734590001114026732

4174 monsoonserge the Grappler (level 10, -12/76 HPs)
             Began as a Gnoll Shapeshifter on Mar 25, 2024.
             Was an Initiate of Gozag.
             Mangled by Gastronok (17 damage)
             ... on level 8 of the Dungeon.
             The game lasted 00:30:54 (8008 turns).

monsoonserge the Grappler (Gnoll Shapeshifter)      Turns: 8008, Time: 00:30:54

Health: -12/76     AC: 13    Str: 18    XL:     10   Next: 28%
Magic:  18/18      EV:  7    Int:  9    God:    Gozag
Gold:   348        SH:  0    Dex: 12    Spells: 19/19 levels left

rFire   + .          .
                       - Unarmed
rCold   . . .        (no shield)
rNeg    . . .        u - +1 plate armour {rF+}
rPois   .            (helmet currently unavailable)
rElec   .            (cloak currently unavailable)
rCorr   .            (gloves currently unavailable)
SInv    .            (boots currently unavailable)
Will    .....        h - amulet of magic regeneration Stlth
                     i - +4 ring of slaying
HPRegen 0.32/turn    (no ring)
MPRegen 0.56/turn

%: no passive effects
@: beast-form, slowed, studying Staves, very slow
A: beast (slay +4), fangs 1, strong nose, distributed training
a: Begin Untransformation, Renounce Religion, Potion Petition, Call Merchant,
Bribe Branch


You were on level 8 of the Dungeon.
You worshipped Gozag.
Gozag was aware of your devotion.
You were a hulking beast.
You visited 2 branches of the dungeon, and saw 9 of its levels.
You also visited: Sewer.

You collected 698 gold pieces.
You spent 227 gold pieces at shops.
You paid 123 gold pieces to Gozag.

Inventory:

Missiles
 n - 4 curare-tipped darts (quivered)
 r - 27 poisoned darts
 z - a throwing net
 H - 3 boomerangs
Armour
 f - a +0 pair of gloves
 j - the +2 robe of Boiling Hail {Regen+}
   (You found it on level 2 of the Dungeon)

   Regen+:    It increases your rate of health regeneration.
 u - a +1 plate armour of fire resistance (worn)
Magical Staves
 G - a staff of alchemy
Jewellery
 h - an amulet of magic regeneration (around neck)
 i - a +4 ring of slaying (left hand)
Talismans
 c - a beast talisman
 d - a flux talisman
 C - a blade talisman
Wands
 w - a wand of light (2)
 y - a wand of polymorph (10)
Scrolls
 b - 2 scrolls of blinking
 g - a scroll of brand weapon {unknown}
 l - 3 scrolls of torment
 m - 3 scrolls of immolation
 o - 3 scrolls of fear
 p - a scroll of teleportation
 x - 2 scrolls of amnesia
 A - 2 scrolls of silence
 E - a scroll of revelation {unknown}
Potions
 a - a potion of ambrosia {unknown}
 e - 3 potions of brilliance
 k - 4 potions of might {unknown}
 q - a potion of heal wounds
 s - 4 potions of curing
 t - 2 potions of enlightenment
 v - 2 potions of cancellation {unknown}
 B - 2 potions of berserk rage {unknown}
 D - a potion of attraction {unknown}
 F - 2 potions of mutation {unknown}


   Skills:
 + Level 6.0 Fighting
 + Level 5.3 Short Blades
 + Level 5.3 Long Blades
 + Level 5.3 Axes
 + Level 5.3 Maces & Flails
 + Level 5.3 Polearms
 + Level 5.4 Staves
 + Level 5.3 Ranged Weapons
 + Level 5.3 Throwing
 + Level 5.3 Armour
 + Level 7.1 Dodging
 + Level 5.3 Stealth
 + Level 5.3 Shields
 + Level 8.5 Unarmed Combat
 + Level 5.3 Spellcasting
 + Level 4.4 Conjurations
 + Level 4.4 Hexes
 + Level 4.4 Summonings
 + Level 4.4 Necromancy
 + Level 4.4 Translocations
 + Level 4.4 Fire Magic
 + Level 4.4 Ice Magic
 + Level 4.4 Air Magic
 + Level 4.4 Earth Magic
 + Level 4.4 Alchemy
 + Level 5.8 Invocations
 + Level 5.3 Evocations
 + Level 8.2 Shapeshifting


You had 19 spell levels left.
You didn't know any spells.
Your spell library contained the following spells:

 Spells                   Type           Power      Damage    Failure   Level
 Freeze                   Ice            40%        1d6       78%         1
 Cigotuvi's Dreadful Rot  Necr/Alch/Air  20%        N/A       89%         2
 Call Canine Familiar     Summ           10%        N/A       98%         3
 Frozen Ramparts          Ice            20%        1d4       98%         3
 Hailstorm                Conj/Ice       10%        3d6       98%         3
 Ozocubu's Armour         Ice            10%        N/A       98%         3
 Sigil of Binding         Hex            10%        N/A       98%         3
 Dimensional Bullseye     Hex/Tloc       5%         N/A       100%        4
 Dispel Undead            Necr           10%        3d9       100%        4
 Martyr's Knell           Necr/Summ      10%        N/A       100%        4
 Metabolic Englaciation   Hex/Ice        5%         N/A       100%        5
 Death Channel            Necr           5%         N/A       100%        6
 Sculpt Simulacrum        Ice/Alch       5%         N/A       100%        6


Dungeon Overview and Level Annotations

Branches:
Dungeon (8/15)             Temple (1/1) D:6           Sewer (visited)
   Lair: D:8-11

Altars:
Ashenzari
Cheibriados
Elyvilon
Gozag
Hepliaklqana
Kikubaaqudgha
Makhleb
Nemelex Xobeh
Okawaru
Qazlal
Ru
Sif Muna
Trog
Vehumet
Wu Jian
Xom
Yredelemnul
Zin
The Shining One

Shops:
D:3 *?((?   D:5 *:!=

Annotations:
D:4 2 transporters
D:8 Gastronok


Innate Abilities, Weirdness & Mutations

You are a hulking beast.
Your limbs bulge with bestial killing power. (Slay +4)
You have very sharp teeth.
Your uncanny sense of smell can sniff out nearby items.
Your experience applies equally to all skills.


Message History

Gastronok looks at you and mumbles some strange words.
You feel yourself slow down.
You punch Gastronok! x2; You bite Gastronok.
Gastronok is moderately wounded.
You hit Gastronok.
Gastronok is moderately wounded.
Gastronok bites you!
You punch Gastronok!
Gastronok is moderately wounded.
Gastronok is no longer moving slowly.
You punch Gastronok!
Gastronok is heavily wounded.
Gastronok bites you!!
You punch Gastronok!
Gastronok is heavily wounded.
Gastronok looks at you and mumbles some strange words.
You feel as though you will be slow longer.
You punch Gastronok!
Gastronok is heavily wounded.
You hit Gastronok.
Gastronok is heavily wounded.
Gastronok bites you!!
* * * LOW HITPOINT WARNING * * *
Unknown command.
Okay, then.
You feel much better. Gastronok bites you but does no damage.
You punch Gastronok! You bite Gastronok.
Gastronok is severely wounded.
You punch Gastronok! You bite Gastronok.
Gastronok is severely wounded.
Gastronok waves his eye-stalks in wide circles.
The air twists around and strikes you!!
* * * LOW HITPOINT WARNING * * *
Unknown command.
You pummel Gastronok!!
Gastronok is almost dead.
Gastronok bites you!
You die...
Gastronok gurgles, "About time.
I'm starving!"
Your body crumbles into a pile of gold.

#)#### ...#.. ..####.###
..#.# #.##.....## #.#.##
#.#........
###....#####.#.####### #
∆ #.........##.#.# ### #
# #.#..?. #.##.#.#######
# #.#....w#
#.##.#...'_'.. ∆
##.....h###......###'###
∆ .....:.?.........# #.#
#
......$.########.###.###
### ###.....# #........
..# #######.....#
#.##..##) #.#
#..KK........ #...)..))
#.# #.###)......# ∆
#........ #K# #.#
#.###.... .....###.##.
#.# #K# #. #.### #.##
#..#.


You could see Gastronok (swift, poisoned).

Vanquished Creatures
  Pikel (D:6)
  A cyclops (D:8)
  A hornet (D:8)
  A wyvern (D:7)
  A steam dragon (D:7)
  3 sky beasts
  An ice beast (D:6)
  An orc warrior (D:7)
  3 ogres
  4 centaurs
  2 lemures (Temple)
  2 phantoms
  5 kobold brigands
  3 scorpions (D:6)
  A bullfrog (D:6)
  6 killer bees
  An electric eel (D:6)
  3 howler monkeys
  2 jellies
  2 orc priests
  A gnoll bouda (D:6)
  2 hounds
  4 iguanas
  A sleepcap (D:5)
  3 orc wizards
  6 gnolls
  4 river rats (Sewer)
  6 adders
  A shadow imp (D:6)
  A white imp (D:6)
  2 ufetubi
  4 dart slugs
  2 ribbon worms (D:4)
  20 orcs
  4 endoplasms
  6 giant cockroaches
  7 goblins
  7 hobgoblins
  8 jackals
  6 quokkas
  8 ball pythons
  3 bats
  2 frilled lizards
  25 kobolds
  9 rats
186 creatures vanquished.

Notes
Turn   | Place    | Note
-------+----------+-------------------------------------------
     0 | D:1      | monsoonserge the Gnoll Shapeshifter began the quest for the
                  | Orb.
     0 | D:1      | Reached XP level 1. HP: 17/17 MP: 1/1
   144 | D:1      | Reached XP level 2. HP: 23/23 MP: 2/2
   554 | D:1      | Reached XP level 3. HP: 22/28 MP: 3/3
   888 | D:2      | Found a faded altar of an unknown god.
   910 | D:2      | Identified the +2 robe of Boiling Hail {Regen+}
   922 | D:2      | Reached skill level 1 in Invocations
   982 | D:2      | Found a basalt altar of Yredelemnul.
  1041 | D:2      | Reached skill level 1 in Short Blades
  1041 | D:2      | Reached skill level 1 in Long Blades
  1041 | D:2      | Reached skill level 1 in Axes
  1041 | D:2      | Reached skill level 1 in Maces & Flails
  1041 | D:2      | Reached skill level 1 in Polearms
  1041 | D:2      | Reached skill level 1 in Staves
  1041 | D:2      | Reached skill level 1 in Ranged Weapons
  1041 | D:2      | Reached skill level 1 in Throwing
  1041 | D:2      | Reached skill level 1 in Armour
  1041 | D:2      | Reached skill level 1 in Stealth
  1041 | D:2      | Reached skill level 1 in Shields
  1041 | D:2      | Reached skill level 1 in Spellcasting
  1041 | D:2      | Reached skill level 1 in Evocations
  1701 | D:3      | Found Baas's Weapon Shoppe.
  1716 | D:3      | Reached XP level 4. HP: 33/34 MP: 5/5
  1760 | D:3      | Found Rexem's Magic Scroll Shoppe.
  2076 | D:3      | Found Ceshris's General Store.
  2090 | D:3      | Found Liykergh's Magic Scroll Boutique.
  2101 | D:3      | Bought a scroll of teleportation for 33 gold pieces
  2218 | D:3      | Reached skill level 1 in Conjurations
  2218 | D:3      | Reached skill level 1 in Hexes
  2218 | D:3      | Reached skill level 1 in Summonings
  2218 | D:3      | Reached skill level 1 in Necromancy
  2218 | D:3      | Reached skill level 1 in Translocations
  2218 | D:3      | Reached skill level 1 in Fire Magic
  2218 | D:3      | Reached skill level 1 in Ice Magic
  2218 | D:3      | Reached skill level 1 in Air Magic
  2218 | D:3      | Reached skill level 1 in Earth Magic
  2218 | D:3      | Reached skill level 1 in Alchemy
  2253 | D:3      | Found a glowing drain.
  2257 | Sewer    | Entered a sewer
  2271 | Sewer    | Reached XP level 5. HP: 30/40 MP: 7/7
  2330 | Sewer    | Noticed a kobold brigand
  2334 | Sewer    | Noticed a kobold brigand
  2337 | Sewer    | Killed a kobold brigand
  2344 | Sewer    | Killed a kobold brigand
  2345 | Sewer    | Reached skill level 5 in Dodging
  2345 | Sewer    | Reached XP level 6. HP: 19/47 MP: 8/8
  2405 | Sewer    | Found a white marble altar of Elyvilon.
  2417 | Sewer    | Became a worshipper of Elyvilon the Healer
  2833 | D:3      | Found Ytissoe's Antique Weapon Boutique.
  2960 | D:4      | Reached XP level 7. HP: 41/52 MP: 10/10
  3028 | D:4      | Reached * piety under Elyvilon
  3050 | D:4      | Found a transporter.
  3142 | D:4      | Found a transporter.
  3443 | D:5      | Entered Level 5 of the Dungeon
  3641 | D:5      | Found Fukoimir's Assorted Antiques.
  3650 | D:5      | Bought a glowing inky potion for 29 gold pieces
  3650 | D:5      | Bought a scroll labelled FEIH WENGAMUDGH for 33 gold pieces
  3650 | D:5      | Bought a lead wand for 132 gold pieces
  3997 | D:5      | Reached XP level 8. HP: 56/60 MP: 12/12
  4021 | D:5      | Found Kochips's Jewellery Emporium.
  4066 | D:5      | Reached ** piety under Elyvilon
  4146 | D:5      | Found Conkuar's Distillery.
  4159 | D:5      | Found Otar's Book Boutique.
  4501 | D:6      | Found a staircase to the Ecumenical Temple.
  4502 | D:6      | Noticed Pikel
  4509 | Temple   | Entered the Ecumenical Temple
  4575 | D:6      | Killed Pikel
  4750 | D:6      | Found an iron altar of Okawaru.
  4919 | D:6      | Reached XP level 9. HP: 64/66 MP: 14/14
  5191 | D:6      | Reached skill level 5 in Fighting
  5524 | D:7      | Found a sparkling altar of Nemelex Xobeh.
  5592 | D:7      | Found an ancient bone altar of Kikubaaqudgha.
  5596 | D:7      | Found a shimmering blue altar of Sif Muna.
  5804 | D:7      | Reached skill level 5 in Invocations
  5965 | Temple   | Fell from the grace of Elyvilon
  5965 | Temple   | Became a worshipper of Gozag Ym Sagoz the Greedy
  6567 | D:6      | Found a white marble altar of Elyvilon.
  7331 | D:8      | Reached skill level 5 in Short Blades
  7331 | D:8      | Reached skill level 5 in Long Blades
  7331 | D:8      | Reached skill level 5 in Axes
  7331 | D:8      | Reached skill level 5 in Maces & Flails
  7331 | D:8      | Reached skill level 5 in Polearms
  7331 | D:8      | Reached skill level 5 in Staves
  7331 | D:8      | Reached skill level 5 in Ranged Weapons
  7331 | D:8      | Reached skill level 5 in Throwing
  7331 | D:8      | Reached skill level 5 in Armour
  7331 | D:8      | Reached skill level 5 in Stealth
  7331 | D:8      | Reached skill level 5 in Shields
  7331 | D:8      | Reached skill level 5 in Spellcasting
  7331 | D:8      | Reached skill level 5 in Evocations
  7331 | D:8      | Reached XP level 10. HP: 62/76 MP: 17/17
  7426 | D:8      | Noticed Gastronok
  7635 | D:8      | Noticed a cyclops
  7644 | D:8      | Killed a cyclops
  7925 | D:8      | Found a radiant altar of Vehumet.
  8008 | D:8      | Mangled by Gastronok

Illustrated notes

Levels and vault maps discovered:
D:1:      ncdulo_wetmaze, layout_loops_corners
D:2:      layout_loops_ring, ebering_ecumenical_altar_box, basic_altar,
          hangedman_glass_teeth, minmay_misc_feat_alley
D:3:      layout_basic, gup_sewer_entry_spiral, serial_shops, shop,
          nicolae_shop_rolled_up, nicolae_shop_tiny_glass,
          nicolae_shop_waterfront, shop
D:4:      gammafunk_steamed_eel, layout_basic
D:5:      layout_loops_ring, serial_shops, nicolae_stop_n_shop_2, shop,
          nicolae_shop_dealshenge, nicolae_shop_pleasant_corner_grove,
          minmay_misc_feat_roman, grunt_decor_fettered
D:6:      minmay_skewed_foursquare, layout_basic, okawaru_metal_pillars_1_2,
          nicolae_elyvilon_temple_path, minmay_temple_entry_glass, uniq_pikel
D:7:      layout_basic, nemelex_xobeh_ov_fountains_minmay,
          nicolae_overflow_squiral
D:8:      layout_loops_ring, lemuel_doored_altar, minmay_manual_mares,
          uniq_gastronok
Temple:   hellmonk_temple_forest_ring

Skill      XL: |  1  2  3  4  5  6  7  8  9 10 |
---------------+-------------------------------+-----
Invocations    | 1 2 3 4 5 |  5.8
Short Blades   | 1 2 3 5 |  5.3
Long Blades    | 1 2 3 5 |  5.3
Axes           | 1 2 3 5 |  5.3
Maces & Flails | 1 2 3 5 |  5.3
Polearms       | 1 2 3 5 |  5.3
Staves         | 1 2 3 5 |  5.4
Ranged Weapons | 1 2 3 5 |  5.3
Throwing       | 1 2 3 5 |  5.3
Armour         | 1 2 3 5 |  5.3
Stealth        | 1 2 3 5 |  5.3
Shields        | 1 2 3 5 |  5.3
Spellcasting   | 1 2 3 5 |  5.3
Evocations     | 1 2 3 5 |  5.3
Conjurations   | 1 2 3 4 |  4.4
Hexes          | 1 2 3 4 |  4.4
Summonings     | 1 2 3 4 |  4.4
Necromancy     | 1 2 3 4 |  4.4
Translocations | 1 2 3 4 |  4.4
Fire Magic     | 1 2 3 4 |  4.4
Ice Magic      | 1 2 3 4 |  4.4
Air Magic      | 1 2 3 4 |  4.4
Earth Magic    | 1 2 3 4 |  4.4
Alchemy        | 1 2 3 4 |  4.4
Fighting       | 3 4 5 6 |  6.0
Dodging        | 5 6 7 |  7.1
Unarmed Combat | 7 8 |  8.5
Shapeshifting  | 7 8 |  8.2

Action                     |  1- 3 |  4- 6 |  7- 9 | 10-12 || total
---------------------------+-------+-------+-------+-------++-------
  Melee: Unarmed           |    67 |    83 |   222 |    63 ||   435
         Punch             |     1 |     2 |    13 |     8 ||    24
         Bite              |     5 |     5 |    25 |     9 ||    44
  Throw: Dart              |       |     1 |    12 |     1 ||    14
  Evoke: Wand              |       |       |       |     1 ||     1
    Use: Scroll            |       |       |     7 |       ||     7
         Potion            |       |       |     1 |     1 ||     2
   Stab: Sleeping          |     3 |     1 |       |       ||     4
         Distracted        |       |       |     1 |       ||     1
 Armour: Animal skin       |     3 |       |       |       ||     3
         Leather armour    |     9 |       |       |       ||     9
         Robe              |     9 |    23 |       |       ||    32
         Ring mail         |     2 |       |       |       ||     2
         Plate armour      |       |       |   227 |    42 ||   269
         Skin              |       |       |    21 |       ||    21
  Dodge: Dodged            |    39 |    35 |    63 |    27 ||   164
